AoeStats
← Dafixios

Arabia

510420816Analyzed
1v1 RM · 2d ago on Sep 30, 2026· 40m 47s· 2 players
Game mode
Random Map
Map size
Tiny (2 player)
Population
200
Speed
Normal
Resources
Standard
Victory
Conquest
Starting age
Dark Age
Ending age
Imperial Age
RankedLock teamsTeams togetherTeam positionsShared explorationLock speedFull tech treeHidden civsTurbo modeCheats
Victory
Defeat
🇲🇽 Ethiopians · Mexico
1194
+14
🇺🇸 Malians · United States
1160
-14
Dafixios
6:14 Loom
9:28 Feudal Age
11:44 Double-Bit Axe
14:06 Wheelbarrow
13:36 Fletching
20:02 Castle Age
18:18 Horse Collar
18:45 Padded Archer Armor
20:51 Thumb Ring
20:07 Crossbowman
22:45 Bodkin Arrow
29:13 Town Watch
29:46 Hand Cart
31:44 Ballistics
37:42 Imperial Age
41:52 Chemistry
40:54 Bracer
40:24 Arbalester
KAZR
7:42 Loom
11:23 Feudal Age
12:33 Double-Bit Axe
15:03 Horse Collar
21:43 Castle Age
21:11 Gold Mining
23:05 Fletching
23:45 Bodkin Arrow
23:56 Scale Mail Armor
23:59 Squires
28:59 Bodkin Arrow
29:10 Elite Skirmisher
30:47 Tigui
31:57 Padded Archer Armor
39:14 Wheelbarrow
40:32 Forging
Connection lost

Rejoining the realm…

Still unreachable

The connection could not be restored.

Session expired

The server has moved on; the page needs a fresh start.